[Event "*** Titled Tuesday Blitz"]
[Site "Chess.com"]
[Date "2020.05.19"]
[Round "9"]
[White "CalinGheorghiu"]
[Black "garfield_pg"]
[Result "0-1"]
[WhiteElo "2251"]
[BlackElo "2160"]
[TimeControl "180+1"]
[EndTime "13:46:26 PDT"]
[Termination "garfield_pg won by resignation"]

1. e4 c5 2. Nf3 a6 3. c3 Nc6 4. d4 d6 5. a4 Nf6 6. Nbd2 Bg4 7. Be2 cxd4 8. Nxd4 Bxe2 9. Qxe2 e6 10. O-O Be7 11. N2f3 O-O 12. Rd1 Nxd4 13. Rxd4 Qc7 14.
Bg5 h6 15. Bh4 b5 16. Rad1 Qc5 17. Bg3 e5 18. R4d3 bxa4 19. Bh4 a3 20. b4 Qc4 21. Bxf6 Bxf6 22. Nd2 Qa2 23. Rxd6 Rfc8 24. c4 Qc2 25. Rd5 a2 26. Ra5 Rd8 27. c5 Bg5 28. c6 Rxd2 29. Rxd2 Qxd2 30. Qxd2 Bxd2 31. Rxa2 Bxb4 32.
c7 Rc8 33. Rxa6 Rxc7 34. g3 Bc5 35. Kg2 g5 36. h3 Kg7 37. Kf3 Rb7 38. h4 Rb2 39. Kg4 gxh4 40. gxh4 Rxf2 0-1

[Event "*** Titled Tuesday Blitz"]
[Site "Chess.com"]
[Date "2020.05.19"]
[Round "9"]
[White "51616516516"]
[Black "Savva09022009"]
[Result "1-0"]
[WhiteElo "2349"]
[BlackElo "2411"]
[TimeControl "180+1"]
[EndTime "13:46:27 PDT"]
[Termination "51616516516 won by resignation"]

1. Nf3 Nf6 2. c4 e6 3. d4 d5 4.
Nc3 dxc4 5. a4 c5 6. e3 cxd4 7. exd4 Nbd7 8. Bxc4 Nb6 9. Bb3 Be7 10. O-O O-O 11. Bg5 h6 12. Bh4 Nbd5 13. Re1 b6 14.
Nxd5 exd5 15. Ne5 Bb7 16. Qd3 Rc8 17. Re3 Ne4 18. Bxe7 Qxe7 19. f3 Nf6 20. Ng6 Qd6 21.
Nxf8 Kxf8 22. Rae1 Kg8 23. Re7 Bc6 24. Rxa7 Qb4 25.
Ree7 Be8 26. Rec7 Rd8 27. Qc3 Qd6 28. Rc8 Rxc8 29. Qxc8 Qf4 30. Qc3 Bd7 31. Bc2 Bf5 32.
Ra8+ Kh7 33. Bxf5+ Qxf5 34. Qd2 Qb1+ 35. Kf2 Qa2 36.
Qc2+ g6 37. Ra7 Kg7 38. Rb7 Ne8 39. Rxb6 Nc7 40. Rb7 Ne6 41. Qe2 Nxd4 42. Qe5+ Kg8 43. Rb8+ 1-0

[Event "*** Titled Tuesday Blitz"]
[Site "Chess.com"]
[Date "2020.05.19"]
[Round "9"]
[White "korbul"]
[Black "Xeniya2005"]
[Result "1-0"]
[WhiteElo "2434"]
[BlackElo "2279"]
[TimeControl "180+1"]
[EndTime "13:46:27 PDT"]
[Termination "korbul won by resignation"]

1. d4 Nf6 2. c4 b6 3. f3 Nc6 4.
e4 e5 5. d5 Nd4 6. Be3 c5 7. Nc3 d6 8. Bd3 h6 9. Nge2 g6 10. Qd2 Bg7 11. O-O-O Bd7 12. Rdf1 a6 13. g4 b5 14. h4 bxc4 15. Bxc4 Qa5 16. g5 hxg5 17.
Bxg5 Bb5 18. Qd3 Rb8 19. f4 Bxc4 20. Qxc4 Rb4 21. Qd3 Nxe2+ 22. Qxe2 Nh5 23. fxe5 Bxe5 24.
Qf3 f6 25. Qg4 Qc7 26. Bd2 Kf7 27. Qe6+ Kg7 28. Rhg1 Qf7 29. Qg4 Kh7 30. Qf3 Rhb8 31. Qe3 Rxb2 32. Qh6+ Kg8 33. Rxg6+ Ng7 34. Rfg1 R8b7 35.
Rxg7+ Qxg7 36. Rxg7+ Rxg7 37. Kxb2 Rg2 38. Kc1 c4 39.
Qh5 Kf8 40. Qh8+ Rg8 41. Bh6+ Kf7 42. Qh7+ 1-0

[Event "*** Titled Tuesday Blitz"]
[Site "Chess.com"]
[Date "2020.05.19"]
[Round "9"]
[White "rpragchess"]
[Black "BogdanDeac"]
[Result "1-0"]
[WhiteElo "2854"]
[BlackElo "2969"]
[TimeControl "180+1"]
[EndTime "13:46:28 PDT"]
[Termination "rpragchess won on time"]

1. Nf3 d5 2. g3 Nf6 3. Bg2 e6 4. O-O Be7 5. d3 O-O 6. Nbd2 a5 7. e4 a4 8. a3 c5 9. Re1 Nc6 10. e5 Nd7 11. Nf1 f6 12. exf6 Bxf6 13. h4 Nde5 14. N1h2 b5 15. c3 c4 16. d4 Nd3 17. Re3 e5 18. dxe5 Be7 19. Rxd3 cxd3 20. Qxd3 Bc5 21. Bf4 h6 22. Nd4 Bxd4 23. cxd4 Ne7 24. Nf1 Qb6 25. Ne3 Be6 26. Nd1 b4 27. axb4 Qxb4 28. Nc3 Qxb2 29.
Rb1 Qa3 30. Bc1 Bf5 31. Qd2 1-0

[Event "*** Titled Tuesday Blitz"]
[Site "Chess.com"]
[Date "2020.05.19"]
[Round "9"]
[White "Alexander_Moskalenko"]
[Black "MarcoRiehle"]
[Result "1-0"]
[WhiteElo "2825"]
[BlackElo "2660"]
[TimeControl "180+1"]
[EndTime "13:46:28 PDT"]
[Termination "Alexander_Moskalenko won by resignation"]

1. d4 d5 2. Bf4 e6 3. e3 Bd6 4. Bg3 Nf6 5. Nf3 c5 6. c3 O-O 7. Nbd2 Qc7 8. Bd3 Nbd7 9. O-O e5 10. dxe5 Nxe5 11. Nxe5 Bxe5 12. Nf3 Bxg3 13. hxg3 Bg4 14. Qa4 Bxf3 15. gxf3 Rad8 16. Rfd1 a6 17. Bf1 Rd6 18.
Rd2 Rfd8 19. Rad1 b5 20. Qf4 R6d7 21. Qxc7 Rxc7 22. c4 bxc4 23. Bxc4 Rb8 24. Bxd5 Nxd5 25. Rxd5 Kf8 26. Rd8+ Rxd8 27. Rxd8+ Ke7 28. Ra8 Rc6 29. b3 Kd6 30. Ra7 Ke6 31. e4 g6 32. f4 h5 33. Kg2 Kf6 34. Kf3 Kg7 35. e5 Kg8 36.
Ke3 Rb6 37. Kd3 g5 38. fxg5 Kg7 39. f4 Kg6 40. Ke3 Kf5 41. Kf3 Kg6 42. g4 hxg4+ 43.
Kxg4 Kg7 44. Kf5 Rc6 45. Ke4 c4 46. bxc4 Rxc4+ 47. Kf5 Rc6 48. a4 Rb6 49. a5 Rc6 50. Rb7 Rc5 51. g6 Rxa5 52. Rxf7+ Kg8 53. Ra7 Rb5 54. Kf6 Rb8 55. Rxa6 Rf8+ 56. Kg5 Rb8 57. f5 Rc8 58. f6 Re8 59. Kh6 Kh8 60. Ra7 Rb8 61.
Rh7+ Kg8 62. f7+ 1-0

[Event "*** Titled Tuesday Blitz"]
[Site "Chess.com"]
[Date "2020.05.19"]
[Round "9"]
[White "Paul66666"]
[Black "Karacsonyi_Gellert"]
[Result "1-0"]
[WhiteElo "2615"]
[BlackElo "2466"]
[TimeControl "180+1"]
[EndTime "13:46:28 PDT"]
[Termination "Paul66666 won by resignation"]

1. d4 Nf6 2. Bg5 d5 3. e3 g6 4. Bxf6 exf6 5. h4 Nd7 6. h5 f5 7.
hxg6 fxg6 8. Ne2 Nf6 9. Nf4 Bg7 10. c4 c6 11. cxd5 cxd5 12. Nc3 O-O 13. Qb3 Rf7 14. Nfxd5 Be6 15. Nxf6+ Qxf6 16. Bc4 Bxc4 17. Qxc4 Re8 18. O-O-O a6 19. g3 b5 20. Qb3 Rc8 21. Kb1 Kh8 22.
Nd5 Qe6 23. Nf4 Qxb3 24. axb3 Kg8 25. Rc1 Rfc7 26. Rxc7 Rxc7 27. Rc1 Rxc1+ 28. Kxc1 Kf7 29. Kc2 Bf8 30. Kd3 Ke7 31. f3 Kd6 32. e4 g5 33. e5+ Kd7 34. Nh3 Be7 35. g4 Ke6 36. Ng1 Bf8 37. Ne2 a5 38. Ng3 f4 39. Nh5 Be7 40. Ke4 a4 41. d5+ Kf7 42. bxa4 bxa4 43. d6 Bd8 44. Kd5 Ba5 45. e6+ Ke8 46. Nf6+ 1-0

[Event "*** Titled Tuesday Blitz"]
[Site "Chess.com"]
[Date "2020.05.19"]
[Round "9"]
[White "doons21"]
[Black "Xtrmntr78"]
[Result "1-0"]
[WhiteElo "2534"]
[BlackElo "2371"]
[TimeControl "180+1"]
[EndTime "13:46:28 PDT"]
[Termination "doons21 won on time"]

1. e4 e5 2. Nf3 d5 3. Nxe5 Bd6 4. d4 dxe4 5. Nc4 Be7 6. Nc3 Nf6 7. Bg5 Nc6 8. d5 Nxd5 9. Nxd5 Bxg5 10. h4 Bh6 11.
g4 g6 12. Nce3 Be6 13. g5 Bg7 14. c3 h6 15. Rg1 hxg5 16. hxg5 Ne5 17. Be2 Rh4 18.
Qa4+ c6 19. O-O-O b5 20. Qb4 a5 21. Qc5 Nd3+ 22. Bxd3 exd3 23. Qxc6+ Kf8 24. Nc7 Rc8 25.
Nxe6+ fxe6 26. Qxe6 b4 27. Qxg6 bxc3 28. Rxd3 cxb2+ 29. Kb1 Rc1+ 30. Rxc1 bxc1=Q+ 31. Kxc1 Qc7+ 32. Kd2 Rf4 33. Ke2 Bd4 34. Qh6+ Kg8 35. Qe6+ Kf8 36. Rxd4 Rxd4 37.
Qf6+ Qf7 38. Qxd4 Qxa2+ 39. Qd2 Qa4 40. Qd6+ 1-0

[Event "*** Titled Tuesday Blitz"]
[Site "Chess.com"]
[Date "2020.05.19"]
[Round "9"]
[White "novocane"]
[Black "pfalcon1949"]
[Result "1-0"]
[WhiteElo "2210"]
[BlackElo "1960"]
[TimeControl "180+1"]
[EndTime "13:46:29 PDT"]
[Termination "novocane won on time"]

1. d4 Nf6 2. c4 e6 3. Nc3 Bb4 4. e3 b6 5. Ne2 c5 6. a3 Ba5 7. Rb1 Na6 8. Bd2 Bb7 9. d5 d6 10. g3 exd5 11. Bg2 O-O 12. O-O Qc8 13. Nxd5 Bxd5 14.
cxd5 Bxd2 15. Qxd2 Re8 16. Nc3 Nc7 17. e4 a6 18. f4 Qd7 19. Rfe1 b5 20. b4 cxb4 21.
axb4 Rad8 22. Rbd1 Qg4 23. Qf2 h6 24. Qb6 Rc8 25.
Qxd6 Red8 26. Qb6 Qh5 27. Qd4 Ng4 28. h3 Ne6 29. hxg4 Qxg4 30. Qe3 Nc7 31. d6 Ne6 32. e5 g5 33. Ne4 1-0

[Event "*** Titled Tuesday Blitz"]
[Site "Chess.com"]
[Date "2020.05.19"]
[Round "9"]
[White "DenLaz"]
[Black "nabukatnezarr"]
[Result "1-0"]
[WhiteElo "2684"]
[BlackElo "2532"]
[TimeControl "180+1"]
[EndTime "13:46:30 PDT"]
[Termination "DenLaz won by resignation"]

1. d4 e6 2. c4 Nf6 3. Nf3 c5 4. d5 d6 5. Nc3 exd5 6. cxd5 g6 7. g3 Bg7 8. Bg2 O-O 9. O-O Re8 10. a4 Ne4 11.
Bd2 Nxd2 12. Nxd2 Na6 13. Nc4 Nb4 14. Nb5 Bf8 15. e4 a6 16. Nc3 Rb8 17. a5 Bd7 18.
Re1 Bb5 19. Bf1 Bxc4 20. Bxc4 Bg7 21. Kg2 Qd7 22. Qd2 Re7 23. Re2 Rbe8 24. Rae1 h5 25.
h4 Kh7 26. Na2 Nxa2 27. Bxa2 Qa4 28. Bb1 Bh6 29. Qc3 f5 30. exf5 Rxe2 31. Qf6 Rxf2+ 32. Kxf2 Qd4+ 33. Qxd4 Rxe1 34. fxg6+ Kg8 35. Qf6 Bg7 36. Qf7+ Kh8 37. Kxe1 1-0

[Event "*** Titled Tuesday Blitz"]
[Site "Chess.com"]
[Date "2020.05.19"]
[Round "9"]
[White "jerry_77"]
[Black "GoldenShare"]
[Result "1/2-1/2"]
[WhiteElo "2480"]
[BlackElo "2611"]
[TimeControl "180+1"]
[EndTime "13:46:31 PDT"]
[Termination "Game drawn by repetition"]

1. e4 e6 2. Nf3 d5 3. Nc3 Nc6 4. d4 Nf6 5. e5 Ne4 6. Bb5 Bd7 7. O-O f5 8. exf6 Qxf6 9. Bxc6 Bxc6 10. Nxe4 dxe4 11. Ne5 Bd6 12. Nxc6 bxc6 13. Qg4 Qf5 14. Qe2 O-O 15. Be3 Rab8 16. b3 Rf6 17. f4 Rbf8 18.
Rf2 h5 19. Re1 h4 20. Bd2 c5 21. Qxe4 Qxe4 22. Rxe4 cxd4 23. Rf3 c5 24. c3 g5 25. fxg5 Rxf3 26. gxf3 Rxf3 27. cxd4 cxd4 28. Rxe6 Bxh2+ 29. Kxh2 Rf2+ 30. Kh3 Rxd2 31. Kxh4 Rxa2 32. Rd6 Rb2 33. Rxd4 Rxb3 34. Rd8+ Kg7 35. Rd7+ Kg6 36. Rd6+ Kg7 37. Kh5 Rh3+ 38. Kg4 Ra3 39. Kh5 Rh3+ 40. Kg4 Ra3 41. Rc6 Ra1 42. Kf5 Rf1+ 43. Kg4 Rg1+ 44. Kh5 Rh1+ 45.
Kg4 Rg1+ 46. Kh5 Rh1+ 47. Kg4 Rg1+ 1/2-1/2

[Event "*** Titled Tuesday Blitz"]
[Site "Chess.com"]
[Date "2020.05.19"]
[Round "9"]
[White "Tacticusbd"]
[Black "MilanJeremic"]
[Result "1-0"]
[WhiteElo "2408"]
[BlackElo "2290"]
[TimeControl "180+1"]
[EndTime "13:46:32 PDT"]
[Termination "Tacticusbd won by resignation"]

1. e4 c6 2. d4 d5 3. e5 a6 4. Bd3 g6 5. h4 h5 6. Bg5 Bh6 7. Qd2 b5 8. a4 bxa4 9. Nc3 Bxg5 10. hxg5 e6 11. Nxa4 Nd7 12. g4 h4 13. Rh3 Qc7 14. f4 c5 15. c3 Ne7 16. Nf3 Bb7 17. Qf2 c4 18. Bc2 Bc6 19. Rxh4 O-O-O 20. Rh6 Qb7 21. Qh2 Rhf8 22. Rh7 Nb8 23. Ra2 Bxa4 24. Bxa4 Nec6 25.
Kd2 Qb6 26. Kc2 Na5 27. Ra3 Nbc6 28. Qh6 Kb8 29. f5 Ka8 30. Qg7 Rb8 31. Ra2 Nb3 32.
Bxc6+ Qxc6 33. fxe6 Qb6 34. e7 Rfe8 35. Qf6 Na1+ 36. Kb1 Nb3 37. Rxa6+ Qxa6 1-0

[Event "*** Titled Tuesday Blitz"]
[Site "Chess.com"]
[Date "2020.05.19"]
[Round "9"]
[White "vladislavkovalev"]
[Black "Grandelicious"]
[Result "1-0"]
[WhiteElo "2920"]
[BlackElo "2779"]
[TimeControl "180+1"]
[EndTime "13:46:33 PDT"]
[Termination "vladislavkovalev won by resignation"]

1. e4 c5 2. Be2 Nc6 3. d3 d5 4. c3 e5 5. exd5 Qxd5 6. Bf3 Qd6 7. Na3 Bd7 8. Nc4 Qc7 9. Ne2 g6 10. O-O Bg7 11. Be3 Nd8 12. Ng3 f5 13. Re1 Ne7 14.
Bg5 Ndc6 15. Qb3 h6 16. Bxe7 Kxe7 17. d4 cxd4 18. Bxc6 Bxc6 19. Nxe5 Bxe5 20. cxd4 Rhe8 21. Rxe5+ Kf8 22. Rae1 Rxe5 23. Rxe5 Rd8 24. Qe3 Qg7 25. h4 Kg8 26. h5 gxh5 27. Rxf5 Rxd4 28. Qe6+ Kh8 29. Rf6 Qg5 30. Rf8+ Kh7 31. Qf7+ Qg7 32. Qf5+ Qg6 33. Rf7+ Kh8 34. Qxg6 1-0

[Event "*** Titled Tuesday Blitz"]
[Site "Chess.com"]
[Date "2020.05.19"]
[Round "9"]
[White "SchmakAttack"]
[Black "Buffy7"]
[Result "0-1"]
[WhiteElo "2462"]
[BlackElo "2651"]
[TimeControl "180+1"]
[EndTime "13:46:34 PDT"]
[Termination "Buffy7 won on time"]

1. e4 e6 2. d4 d5 3. Nc3 Bb4 4. e5 c5 5. a3 Bxc3+ 6. bxc3 Qa5 7. Bd2 Qa4 8. Qg4 Kf8 9. Qd1 b6 10. Nf3 Ne7 11. Rb1 Ba6 12. dxc5 bxc5 13. Be3 Nd7 14. Bxa6 Qxa6 15. Qe2 Qc8 16. O-O a6 17. c4 Qc6 18.
Bg5 Ng6 19. Rfd1 h6 20. Bc1 Kg8 21. h4 Re8 22. h5 Ne7 23. Qd3 Nf8 24. cxd5 exd5 25.
Qb3 Ne6 26. Qb7 Qa4 27. Qb3 Qg4 28. Qb6 Qxh5 29. Qxa6 Kh7 30. Rb7 Ng6 31. Qd3 Rhf8 32. Qe2 Qg4 33. Qe3 Kg8 34. Ne1 Qxd1 0-1

[Event "*** Titled Tuesday Blitz"]
[Site "Chess.com"]
[Date "2020.05.19"]
[Round "9"]
[White "Korchmar_Vasiliy"]
[Black "JoakimVonAnd"]
[Result "0-1"]
[WhiteElo "2601"]
[BlackElo "2482"]
[TimeControl "180+1"]
[EndTime "13:46:34 PDT"]
[Termination "JoakimVonAnd won on time"]

1. d4 d5 2. c4 dxc4 3. e3 Nf6 4.
Bxc4 e6 5. Nf3 c5 6. O-O Nc6 7.
Qe2 a6 8. Rd1 cxd4 9. exd4 b5 10. Bb3 Ne7 11. Nc3 Bb7 12. Bg5 Ned5 13. Nxd5 Bxd5 14. Bxf6 gxf6 15. Bxd5 Qxd5 16. a4 b4 17. Rac1 Bd6 18. Nd2 O-O 19. Ne4 Be7 20. Rc7 f5 21. Ng3 Bf6 22. Nh5 Bg5 23. f4 Bd8 24. Qe3 Kh8 25. Rc5 Qe4 26. Qxe4 fxe4 27. Re1 Bb6 28.
Rc4 f5 29. Kf1 a5 30. Rec1 Rad8 31. Rd1 Rd6 32. Ke2 Rfd8 33. Ke3 Rg8 34. g3 Rgd8 35.
b3 Kg8 36. h3 Kf7 37. g4 Rg8 38. g5 Rgd8 39. Nf6 h6 40. h4 hxg5 41. fxg5 Rh8 42. h5 Bd8 43. Kf4 Bxf6 44. gxf6 Rxh5 45. Rh1 Rxh1 0-1

[Event "*** Titled Tuesday Blitz"]
[Site "Chess.com"]
[Date "2020.05.19"]
[Round "9"]
[White "Mikhail_Golubev"]
[Black "boasovietica"]
[Result "1-0"]
[WhiteElo "2545"]
[BlackElo "2383"]
[TimeControl "180+1"]
[EndTime "13:46:34 PDT"]
[Termination "Mikhail_Golubev won on time"]

1. e4 e5 2. Nf3 Nc6 3. Nc3 Nf6 4. d4 exd4 5. Nxd4 Bb4 6. Nxc6 bxc6 7. Bd3 d5 8. exd5 O-O 9. O-O cxd5 10. Bg5 c6 11.
Na4 Bd6 12. Re1 Rb8 13. c4 h6 14. Bh4 Be6 15. Bc2 Rb4 16. Qd3 Re8 17. Bxf6 Qxf6 18. cxd5 cxd5 19. Nc3 Kf8 20. Nxd5 Bxd5 21. Rxe8+ Kxe8 22. Qxd5 Qf4 23. Re1+ Kf8 24. g3 Qf6 25. Rd1 Bc7 26. Bb3 g6 27. Qa8+ Kg7 28. Rd7 1-0

[Event "*** Titled Tuesday Blitz"]
[Site "Chess.com"]
[Date "2020.05.19"]
[Round "9"]
[White "realmadridtv"]
[Black "ViktoriyaTarasova"]
[Result "1-0"]
[WhiteElo "2475"]
[BlackElo "2290"]
[TimeControl "180+1"]
[EndTime "13:46:35 PDT"]
[Termination "realmadridtv won by resignation"]

1. d4 Nf6 2. c4 e6 3. g3 c5 4. d5 exd5 5. cxd5 g6 6. Bg2 Bg7 7. Nc3 d6 8. Nf3 O-O 9. O-O a6 10. a4 Nbd7 11. Bf4 Qc7 12. e4 Nh5 13. Be3 Rb8 14.
Nh4 b5 15. axb5 axb5 16. g4 Nhf6 17. g5 Nh5 18. f4 b4 19. Na4 f6 20. Nf3 h6 21.
gxf6 Ndxf6 22. e5 Ne4 23. Nh4 Bf5 24. Nxf5 gxf5 25. Qxh5 dxe5 26. Bxe4 fxe4 27. f5 c4 28. Nc5 Qf7 29. Qxf7+ Rxf7 30. Nxe4 Bf8 31. d6 c3 32.
bxc3 bxc3 33. Rac1 Rc8 34. Rf2 Rc6 35. d7 Rxd7 36.
Rxc3 Rxc3 37. Nxc3 Rd3 38. Bd2 Bc5 39. Ne4 Bxf2+ 40.
Kxf2 h5 41. Be3 Kf7 42. Kf3 Ra3 43. h4 Ra1 44. Bg5 Rf1+ 45. Ke2 Ra1 46. Nd6+ Kf8 47. Kf3 Ra4 48. f6 Ra6 49. Bh6+ Kg8 50. f7+ 1-0

[Event "*** Titled Tuesday Blitz"]
[Site "Chess.com"]
[Date "2020.05.19"]
[Round "9"]
[White "DinaBelenkaya"]
[Black "GM_LOADING"]
[Result "1-0"]
[WhiteElo "2244"]
[BlackElo "2436"]
[TimeControl "180+1"]
[EndTime "13:46:35 PDT"]
[Termination "DinaBelenkaya won by resignation"]

1. e4 Nf6 2. e5 Nd5 3. d4 d6 4. c4 Nb6 5. exd6 cxd6 6. Bd3 g6 7.
Be3 Bg7 8. Nc3 Nc6 9. Nge2 O-O 10. b3 e5 11. d5 Ne7 12. O-O Bf5 13. Rc1 Nd7 14. Nb5 Bxd3 15. Qxd3 Nf5 16. Ng3 Nxe3 17. Qxe3 Qe7 18. Ne4 f5 19. Qg5 Nf6 20. Nec3 a6 21.
Na3 Nxd5 22. Qxe7 Nxe7 23. Rfd1 Rfd8 24. Na4 Rac8 25. Nc2 b5 26. Nb6 Rc6 27. Nd5 Nxd5 28. cxd5 Rc5 29. Nb4 a5 30. Nc6 Rd7 31. Nxa5 e4 32. b4 Rc3 33. Rxc3 Bxc3 34. Nc6 Rc7 35. Kf1 Kf7 36. Rc1 Rc8 37. Rxc3 1-0

[Event "*** Titled Tuesday Blitz"]
[Site "Chess.com"]
[Date "2020.05.19"]
[Round "9"]
[White "Nikithebest"]
[Black "cukin84"]
[Result "0-1"]
[WhiteElo "2431"]
[BlackElo "2181"]
[TimeControl "180+1"]
[EndTime "13:46:36 PDT"]
[Termination "cukin84 won on time"]

1. e4 c6 2. d4 d5 3. f3 Nf6 4. e5 Nfd7 5. f4 e6 6. Nf3 c5 7. c3 Nc6 8. Bd3 cxd4 9. Nxd4 Bc5 10. Nb3 Bb6 11. Qe2 f6 12. exf6 Nxf6 13. Be3 Bxe3 14. Qxe3 Ng4 15. Qg3 e5 16. fxe5 O-O 17. Be2 Ngxe5 18.
N1d2 Bf5 19. O-O Qb6+ 20. Kh1 Rae8 21. Nf3 Ng6 22. Nfd4 Be4 23. Bg4 Nxd4 24. cxd4 Qb5 25. Rfe1 b6 26. h4 Nf4 27. Bf3 Bg6 28. Re5 Rxe5 29.
dxe5 Ne2 30. Qg4 Nf4 31. g3 Nd3 32. Kg2 Rxf3 33. Qxf3 Be4 34. Nd4 Bxf3+ 0-1

[Event "*** Titled Tuesday Blitz"]
[Site "Chess.com"]
[Date "2020.05.19"]
[Round "9"]
[White "ErikBlomqvist"]
[Black "Storchnoi"]
[Result "0-1"]
[WhiteElo "2238"]
[BlackElo "1977"]
[TimeControl "180+1"]
[EndTime "13:46:36 PDT"]
[Termination "Storchnoi won on time"]

1. e4 c5 2. Nf3 Nc6 3. Bb5 g6 4. O-O Bg7 5. Nc3 Nf6 6. e5 Ng4 7. Bxc6 dxc6 8. Re1 O-O 9. d3 Nh6 10. h3 Nf5 11. Ne4 b6 12. c3 Be6 13. Bf4 Bd5 14. Qd2 c4 15. dxc4 Bxe4 16. Rxe4 Qxd2 17. Bxd2 e6 18. g4 Ne7 19. Bg5 Rfe8 20. Rd1 c5 21.
Bf6 Nc6 22. Rd6 Rac8 23. Re2 Na5 24. b3 Nb7 25. Rd7 Rb8 26. Ng5 Bxf6 27. exf6 Nd8 28. Red2 h6 29. Ne4 Nc6 30. Nd6 Rf8 31. Nb5 Ne5 32.
Nxa7 Nf3+ 33. Kg2 Nxd2 34. Rxd2 Rfd8 35. Re2 g5 36. Nb5 Kh7 37. Na7 Rb7 38. Nc6 Re8 39. Ne5 Rd8 40. Kg3 Rd1 41. f4 Rg1+ 42. Kf2 gxf4 0-1

[Event "*** Titled Tuesday Blitz"]
[Site "Chess.com"]
[Date "2020.05.19"]
[Round "9"]
[White "promen1999"]
[Black "nihalsarin"]
[Result "0-1"]
[WhiteElo "2893"]
[BlackElo "3026"]
[TimeControl "180+1"]
[EndTime "13:46:37 PDT"]
[Termination "nihalsarin won by resignation"]

1. d4 Nf6 2. Nf3 d5 3. g3 Bf5 4. Bg2 e6 5. c4 c6 6. Nc3 Nbd7 7.
Qb3 Qb6 8. c5 Qc7 9. Bf4 Qc8 10.
h3 Be7 11. g4 Bg6 12. O-O O-O 13. Rfe1 b6 14. cxb6 axb6 15. Nh4 Nxg4 16. Nxg6 fxg6 17. Bg3 Nh6 18. e4 Bf6 19. exd5 exd5 20. Re6 Kh8 21. Rc1 Bxd4 22. Qd1 Nf5 23. Bxd5 cxd5 24. Nb5 Bc5 25. Nd6 Qd8 26. Qxd5 Nxg3 27. Rxc5 Nxc5 28. Re8 Qxe8 29. Nxe8 Ne2+ 30. Kf1 Raxe8 0-1

[Event "*** Titled Tuesday Blitz"]
[Site "Chess.com"]
[Date "2020.05.19"]
[Round "9"]
[White "PetrolulSah"]
[Black "GMJustin"]
[Result "1-0"]
[WhiteElo "2208"]
[BlackElo "2320"]
[TimeControl "180+1"]
[EndTime "13:46:37 PDT"]
[Termination "PetrolulSah won on time"]

1. d4 Nf6 2. c4 g6 3. Nc3 Bg7 4. e4 O-O 5. Be2 c5 6. d5 d6 7. h3 e6 8. Nf3 exd5 9. exd5 Re8 10. O-O Ne4 11. Nxe4 Rxe4 12. Bd3 Re8 13. Re1 Rxe1+ 14.
Qxe1 Nd7 15. Bf4 Qf6 16. Qe8+ Nf8 17. Bg5 Qxb2 18. Re1 Bf5 19. Qxa8 Bxd3 20. Be7 Bxc4 21. Bxf8 Bxf8 22. Re8 Qg7 23. Qxb7 Bxa2 24. Qc6 Qf6 25. Qc8 Qg7 26. Qd7 Bxd5 27. Qxd6 Bxf3 28. gxf3 c4 29. Rc8 c3 30. Qc6 Qd4 31. Qxc3 Qd1+ 32. Kg2 Qd6 33. Ra8 a6 34. Qc8 h5 35. Rxa6 Qf4 36. Ra8 Qg5+ 37.
Kh1 Qe7 38. Qd8 1-0

[Event "*** Titled Tuesday Blitz"]
[Site "Chess.com"]
[Date "2020.05.19"]
[Round "9"]
[White "SerGo055"]
[Black "Er_is_geen_hoop_meer"]
[Result "1-0"]
[WhiteElo "2576"]
[BlackElo "2433"]
[TimeControl "180+1"]
[EndTime "13:46:38 PDT"]
[Termination "SerGo055 won by checkmate"]

1. d4 e5 2. dxe5 d6 3. exd6 Bxd6 4. Nf3 Bg4 5. c3 Qe7 6. Bg5 f6 7. Bf4 Bxf4 8. Qa4+ Nc6 9. Qxf4 h5 10. Nbd2 O-O-O 11. O-O-O g5 12. Qa4 f5 13. e3 Rh6 14. Bc4 Nf6 15.
h3 Bxf3 16. Nxf3 Ne4 17. Rxd8+ Qxd8 18. Rd1 Qe7 19. Qc2 Rf6 20. Bd5 g4 21. hxg4 hxg4 22.
Bxc6 Rxc6 23. Nd4 Rc5 24. f3 Nd6 25. Re1 g3 26. Qd3 Qf7 27. Kb1 Nc4 28. Rh1 b5 29. b3 Nd6 30. Kb2 a5 31. Rh3 f4 32. exf4 a4 33.
Rxg3 a3+ 34. Kxa3 b4+ 35. cxb4 Rd5 36. Qa6+ Kd7 37. Qc6+ Kd8 38. Rg7 Qxg7 39. Ne6+ Ke7 40. Nxg7 Nb5+ 41. Ka4 Rd6 42. Qxb5 c5 43. Nf5+ Ke6 44.
Nxd6 cxb4 45. Qxb4 Kd7 46. Nc4 Kc7 47. Qb6+ Kd7 48.
Qd6+ Kc8 49. Qe7 Kb8 50. Kb5 Ka8 51. Kc6 Kb8 52. Qb7# 1-0

[Event "*** Titled Tuesday Blitz"]
[Site "Chess.com"]
[Date "2020.05.19"]
[Round "9"]
[White "SHIVACalypso"]
[Black "Sanyura"]
[Result "1/2-1/2"]
[WhiteElo "2316"]
[BlackElo "2489"]
[TimeControl "180+1"]
[EndTime "13:46:39 PDT"]
[Termination "Game drawn by repetition"]

1. Nf3 Nf6 2. c4 d6 3. g3 g6 4. Bg2 Bg7 5. O-O O-O 6. Nc3 Nbd7 7. d3 e5 8. Rb1 a5 9. a3 Ne8 10. b4 axb4 11. axb4 f5 12. Bb2 Nef6 13. Qc2 h6 14. Ra1 Rxa1 15. Rxa1 g5 16. Nd2 f4 17. Nde4 Nxe4 18.
Nxe4 fxg3 19. hxg3 Nf6 20. Ra8 Nxe4 21. Bxe4 Qf6 22. e3 h5 23. d4 h4 24. dxe5 dxe5 25. f4 hxg3 26. Bxe5 Qb6 27. c5 Qxb4 28. Bd5+ Kh8 29.
Qd1 g4 30. Bxg7+ Kxg7 31. Rxc8 Rxc8 32. Qxg4+ Kh8 33. Qxc8+ Kg7 34. Qh3 Qe1+ 35. Kg2 Qf2+ 36. Kh1 Qe1+ 37. Kg2 Qf2+ 38. Kh1 Qe1+ 39. Kg2 1/2-1/2

[Event "*** Titled Tuesday Blitz"]
[Site "Chess.com"]
[Date "2020.05.19"]
[Round "9"]
[White "powermove"]
[Black "RianKapriaga"]
[Result "0-1"]
[WhiteElo "1708"]
[BlackElo "2211"]
[TimeControl "180+1"]
[EndTime "13:46:39 PDT"]
[Termination "RianKapriaga won on time"]

1. Nf3 d5 2. g3 c6 3. Bg2 Nf6 4. O-O Bg4 5. d3 Nbd7 6. Nbd2 e6 7.
e4 dxe4 8. dxe4 e5 9. Qe2 Be7 10. h3 Bxf3 11. Bxf3 Qc7 12. a4 O-O 13. Nc4 Rfd8 14.
Ne3 g6 15. Nc4 Bc5 16. Bg5 Kg7 17. c3 a5 18. Bg4 Nxg4 19. Bxd8 Qxd8 20. Qxg4 Qe7 21.
Rad1 Nf8 22. h4 h5 23. Qg5 Qxg5 24. hxg5 Ne6 25. Nxe5 Nxg5 26. Rd7 Re8 27. Nd3 Nxe4 28. Rxb7 Bf8 29. Kg2 c5 30. Re1 c4 31. Nf4 Nd6 32.
Rxe8 Nxe8 33. Ra7 Bd6 34. Ne6+ Kf6 35. Nd4 Bc7 36. Ra6+ Kg5 37. Nb5 f5 0-1

[Event "*** Titled Tuesday Blitz"]
[Site "Chess.com"]
[Date "2020.05.19"]
[Round "9"]
[White "GelmanAlexander"]
[Black "TheoSlade"]
[Result "1-0"]
[WhiteElo "2578"]
[BlackElo "2397"]
[TimeControl "180+1"]
[EndTime "13:46:42 PDT"]
[Termination "GelmanAlexander won by checkmate"]

1. c4 e6 2. Nf3 d5 3. d3 dxc4 4. Qa4+ Bd7 5. Qxc4 Bc6 6. Nbd2 Nf6 7. b3 Be7 8. Bb2 O-O 9. Rg1 Bd5 10. Qc2 c5 11. g4 h6 12. e4 Bc6 13. h4 Bb5 14. g5 hxg5 15. hxg5 Nfd7 16. Qc3 f6 17. Bh3 Qb6 18.
Nc4 Qa6 19. O-O-O Bxc4 20. dxc4 Qc6 21. Rd5 Na6 22. a3 Nc7 23. Rdd1 Rad8 24. Nh4 Ne5 25. f4 Qxe4 26. fxe5 Qxh4 27. gxf6 Rxd1+ 28. Kxd1 Rd8+ 29. Kc1 Bf8 30. Qf3 Qh6+ 31. Kb1 Qd2 32. f7+ Kh8 33.
Bg4 g6 34. Qf6+ Bg7 35. Rh1+ Qh6 36. Rxh6# 1-0

[Event "*** Titled Tuesday Blitz"]
[Site "Chess.com"]
[Date "2020.05.19"]
[Round "9"]
[White "esskeettit"]
[Black "PIwan"]
[Result "0-1"]
[WhiteElo "2326"]
[BlackElo "2505"]
[TimeControl "180+1"]
[EndTime "13:46:42 PDT"]
[Termination "PIwan won by resignation"]

1. d4 d5 2. c4 dxc4 3. e4 Nc6 4. Be3 Nf6 5. Nc3 e5 6. d5 Na5 7. Qa4+ Bd7 8. Qxa5 a6 9. b4 b6 10. Qa3 a5 11. Qc1 axb4 12. Bxc4 bxc3 13. Qxc3 Ra4 14. Qxe5+ Be7 15. Bb3 Rxe4 16. Qb2 Bb4+ 17. Kf1 O-O 18. Nf3 Nxd5 19. Bg5 Bb5+ 20. Kg1 Qd6 21. Rd1 c6 22. Bxd5 cxd5 23. a3 Be2 24. Ra1 Bc5 25. Nd2 Rg4 26.
Be3 d4 27. h3 dxe3 28. hxg4 exd2 29. Qc2 d1=Q+ 30. Rxd1 Qxd1+ 31. Qxd1 Bxd1 0-1